 Dungeon Crawl Stone Soup version 0.24.0-123-gd5b16e6ec5 (webtiles) character file.

Game seed: 14444220191513667940, levelgen mode: deterministic

140 Martska the Charmwright (level 5, -8/40 HPs)
             Began as a Human Skald on Feb 10, 2020.
             Killed by divine providence
             ... invoked by an orc priest
              (12 damage)
             ... on level 3 of the Dungeon.
             The game lasted 00:07:50 (3855 turns).

Martska the Charmwright (Human Skald)               Turns: 3855, Time: 00:07:51

Health: -8/40      AC:  5    Str: 13    XL:     5   Next: 46%
Magic:  8/8        EV: 12    Int: 13    God:
Gold:   107        SH:  0    Dex: 12    Spells: 2/8 levels left

rFire    . . .     SeeInvis .   a - +0 falchion
rCold    . . .     Gourm    .   (no shield)
rNeg     . . .     Faith    .   e - +0 leather armour (curse)
rPois    .         Spirit   .   j - +0 helmet
rElec    .         Reflect  .   k - +0 cloak
rCorr    +         Harm     .   (no gloves)
MR       .....                  (no boots)
Stlth    +.........             (no amulet)
HPRegen  0.13/turn              i - ring of resist corrosion
MPRegen  0.11/turn              q - ring of flight

@: no status effects
A: no striking features
a: Evoke Flight


You were on level 3 of the Dungeon.
You were not hungry.

You visited 1 branch of the dungeon, and saw 3 of its levels.

You collected 107 gold pieces.

Inventory:

Hand Weapons
 a - a +0 falchion (weapon)
Missiles
 h - 62 stones (quivered)
Armour
 b - a +0 leather armour
 e - a cursed +0 leather armour (worn)
 j - a +0 helmet (worn)
 k - a +0 cloak (worn)
Jewellery
 i - a ring of resist corrosion (left hand)
 q - a ring of flight (right hand)
Scrolls
 c - 2 scrolls of immolation
 l - a scroll of enchant armour
 n - 2 scrolls of remove curse {unknown}
 p - a scroll of blinking {unknown}
 r - a scroll of noise {unknown}
Potions
 f - a potion of brilliance {unknown}
 g - a potion of curing {unknown}
 m - 3 potions of magic {unknown}
Comestibles
 d - 4 rations
 o - a chunk of flesh


   Skills:
 * Level 2.9 Fighting
 * Level 2.9 Long Blades
 + Level 1.7 Armour
 + Level 2.5 Dodging
 + Level 2.3 Spellcasting
 + Level 0.6 Hexes
 + Level 3.4 Charms
 + Level 1.1 Translocations


You had 2 spell levels left.
You knew the following spells:

 Your Spells              Type           Power        Failure   Level  Hunger
a - Infusion              Chrm           ##..         8%          1    #......
b - Shroud of Golubria    Chrm/Tloc      #.....       19%         2    ###....
c - Spectral Weapon       Hex/Chrm       #.......     38%         3    ###....

Your spell library contained the following spells:

 Spells                   Type           Power        Failure   Level  Hunger
 Song of Slaying          Chrm           ##......     12%         2    ###....
 Regeneration             Chrm/Necr      #.........   43%         3    ###....


Dungeon Overview and Level Annotations

Branches:
Dungeon (3/15)

Altars:
Fedhas
Makhleb
Uskayaw

Annotations:
D:2 1 runed translucent door, Crazy Yiuf, Natasha


Message History

The orc closely misses you. x2; You riposte.
You slash the orc!
You kill the orc!
The rat twitches its whiskers.
The orc priest looks encouraged for a moment.
The orc hits you with a +0 short sword.
You hit the orc.
The orc is moderately wounded.
The orc hits you with a +0 short sword. The rat bites you but does no damage.
The orc completely misses you.
The orc priest calls upon Beogh to heal the orc.
The orc's wounds heal themselves!
Your magical contamination has completely faded away.
The orc priest looks encouraged for a moment.
The rat twitches its whiskers.
The orc priest calls down the wrath of Beogh upon you.
Beogh smites you!
* * * LOW HITPOINT WARNING * * *
The orc priest mumbles some strange prayers to Beogh against you.
Beogh smites you!
You die...

#....#######.##.#####.#...#..#.#
##.##.# #.............÷..>..#
##.##.# #..#########...#..###
##...o# #..# ##.##..# ....o.#
#..# ####..# #####.# #..# #..#
#.#######)†# #..#
##....))....#############..#
##......###.or@.............#
###...†..o..o..###...........##
.....†.........###.###########
##.#...............#
...##...############ ######.##
###


You could see an orc priest, 2 orcs and a rat.

Vanquished Creatures
  Ijyb (D:2)
  2 adders
  2 oozes
  3 dart slugs
  5 leopard geckos
  An orc (D:3)
  3 giant cockroaches
  13 goblins
  8 hobgoblins
  5 jackals
  4 kobolds
  12 bats
  9 frilled lizards
  5 rats
73 creatures vanquished.

Notes
Turn   | Place    | Note
-------+----------+-------------------------------------------
     0 | D:1      | Martska the Human Skald began the quest for the Orb.
     0 | D:1      | Reached XP level 1. HP: 16/16 MP: 3/3
   292 | D:1      | Reached XP level 2. HP: 20/22 MP: 1/5
   696 | D:1      | Reached XP level 3. HP: 28/28 MP: 6/6
   711 | D:1      | Learned a level 2 spell: Shroud of Golubria
   715 | D:1      | Learned a level 3 spell: Spectral Weapon
  1510 | D:2      | Reached XP level 4. HP: 17/34 MP: 2/7
  1795 | D:2      | Noticed Ijyb
  1883 | D:2      | Killed Ijyb
  2406 | D:2      | Reached XP level 5. HP: 33/40 MP: 8/8
  2660 | D:2      | Noticed Natasha
  3012 | D:2      | Found a hide-covered altar of Uskayaw.
  3061 | D:2      | Found a runed translucent door.
  3062 | D:2      | Noticed Crazy Yiuf
  3602 | D:3      | Found a blossoming altar of Fedhas.
  3650 | D:3      | Reached skill level 1 in Translocations
  3769 | D:3      | Found a burning altar of Makhleb.
  3855 | D:3      | Killed from afar by an orc priest

Levels and vault maps discovered:
D:1:      lemuel_arrival_behind_the_door_small, layout_rooms, minmay_lizard_king
D:2:      kennysheep_the_goblin_king, layout_loops_ring, lemuel_doored_altar,
          uniq_natasha, uniq_crazy_yiuf_cottage
D:3:      layout_loops_ring, lemuel_crystal_altar, overflow_temple_1_default,
          nicolae_overflow_crystal_walls, kennysheep_generic_room_10, uniq_ijyb

Skill      XL: |  1  2  3  4  5 |
---------------+----------------+-----
Translocations | 1 |  1.1
Fighting       | |  2.9
Long Blades    | |  2.9
Armour         | |  1.7
Dodging        | |  2.5
Spellcasting   | |  2.3
Hexes          | |  0.6
Charms         | |  3.4

Action                   |  1- 3 |  4- 6 || total
-------------------------+-------+-------++-------
Melee: Falchion          |   110 |   154 ||   264
       Unarmed           |       |    37 ||    37
 Cast: Infusion          |     5 |     7 ||    12
  Use: Scroll            |       |     4 ||     4
 Stab: Sleeping          |     1 |       ||     1
  Eat: Chunk             |     2 |     1 ||     3
       Ration            |       |     2 ||     2
Armor: Leather armour    |    58 |    57 ||   115
Dodge: Dodged            |   129 |   143 ||   272
       Rpst.: Falchion   |    31 |    34 ||    65
